Map: Central Protocol

Players

Miszu

  • Race: Terran Terran
  • League: Grandmaster

Nedi - Winner!

  • Race: Zerg Zerg
  • League: Grandmaster

VOD

Have the link to the VOD?

Description

Time

  • Played on: Feb. 8, 2016, 1:09 p.m.
  • Length: 4:18
Show
View Real Time Build Order
Export as new Build Order

Miszu Terran 

Build Orders: Reaper Expand 

Get SALT Encoding   

  12  0:00  SCV  
  13  0:13  SCV  
  14  0:17  Supply Depot  
  14  0:25  SCV  
  15  0:39  SCV  
  15  0:40  Barracks  
  16  0:44  Refinery  
  16  0:51  SCV  
  17  1:03  SCV  
  18  1:15  SCV  
  19  1:28  Orbital Command  
  19  1:29  Reaper  
  20  1:44  Command Center  
  20  1:51  Supply Depot  
  20  1:54  SCV  
  21  2:02  Barracks Reactor  
  21  2:06  SCV  
  22  2:18  SCV  
  22  2:22  Factory  
  23  2:30  SCV  
  24  2:37  Marine  
  24  2:38  Marine, Refinery  
  24  2:42  SCV  
  27  2:54  SCV  
  27  2:55  Marine  
  29  3:00  Orbital Command  
  29  3:06  SCV  
  29  3:08  Bunker  
  29  3:09  Starport, Factory Tech Lab  
  30  3:18  Marine, SCV  
  30  3:19  Marine  
  33  3:26  SCV  
  34  3:30  Siege Tank, SCV  
  37  3:37  Bunker  
  37  3:43  Marine x2  
  37  3:44  Bunker  
  39  3:54  Barracks  
  33  4:00  Marine  
Show
View Real Time Build Order
Export as new Build Order

Nedi Zerg - Winner!

Build Orders: Hatch First, Zergling Baneling 

Get SALT Encoding   

  12  0:01  Drone  
  13  0:13  Overlord  
  13  0:18  Drone  
  14  0:32  Drone x2  
  17  0:35  Drone  
  17  0:55  Drone, Hatchery  
  17  0:59  Drone  
  17  1:02  Extractor  
  17  1:15  Spawning Pool  
  16  1:19  Drone  
  16  1:21  Drone  
  18  1:28  Drone  
  19  1:40  Overlord  
  19  2:02  Queen  
  19  2:03  Zergling x4  
  19  2:04  Metabolic Boost  
  19  2:07  Queen  
  25  2:10  Zergling x2  
  25  2:14  Drone  
  27  2:18  Drone  
  28  2:24  Drone  
  28  2:31  Drone  
  28  2:33  Drone  
  30  2:41  Baneling Nest  
  30  2:43  Extractor  
  30  2:44  Extractor  
  27  2:49  Overlord x2  
  29  2:54  Zergling x2  
  29  2:55  Zergling x2  
  31  3:01  Zergling x2  
  32  3:06  Zergling x2  
  32  3:10  Zergling x4  
  32  3:11  Zergling x2  
  32  3:12  Zergling x2  
  37  3:15  Zergling x2  
  37  3:16  Zergling x2  
  37  3:19  Zergling x2  
  40  3:26  Baneling x5  
  40  3:27  Baneling  
  40  3:29  Baneling  
  40  3:32  Zergling x2  
  41  3:36  Baneling  
  41  3:38  Zergling x2  
  41  3:39  Zergling x2  
  44  3:41  Zergling x2  
  44  3:44  Zergling x2  
  44  3:50  Zergling x4  
  44  3:51  Zergling x2  
  44  3:57  Zergling x2  
Tags
 
Add a new tag
Caveats
  • Supply blocks, unpowered buildings, or Contaminate may cause inaccurate times.
  • Supply counts are checked every 10 seconds.